 Dungeon Crawl Stone Soup version 0.29-a0-284-gf9362112df (webtiles) character file.

Game seed: 8502284759614625783

52 davidthevgamer991 the Covered (level 3, -7/33 HPs)
             Began as a Minotaur Fighter on Mar 23, 2022.
             Killed by nerve-wracking pain
             ... invoked by Grinder
              (9 damage)
             ... on level 3 of the Dungeon.
             The game lasted 00:11:29 (1133 turns).

davidthevgamer991 the Covered (Minotaur Fighter)    Turns: 1133, Time: 00:11:30

Health: -7/33      AC:  7    Str: 22    XL:     3   Next: 60%
Magic:  2/2        EV:  9    Int:  5    God:
Gold:   55         SH:  4    Dex:  9    Spells: 2/2 levels left

rFire   . . .      SeeInvis .   a - +0 long sword
rCold   . . .      Faith    .   c - +0 buckler
rNeg    . . .      Spirit   .   b - +0 scale mail
rPois   .          Reflect  .   (helmet restricted)
rElec   .          Harm     .   (no cloak)
rCorr   .          Rampage  .   (no gloves)
Will    .....                   (no boots)
Stlth   ..........              (no amulet)
HPRegen 0.11/turn               (no ring)
MPRegen 0.08/turn               (no ring)

@: mighty
A: horns 2, retaliatory headbutt
a: no special abilities


You were on level 3 of the Dungeon.
You visited 1 branch of the dungeon, and saw 3 of its levels.

You collected 55 gold pieces.

Inventory:

Hand Weapons
 a - a +0 long sword (weapon)
 h - a +0 dagger
 j - a +2 whip of freezing
 n - a +0 falchion
Armour
 b - a +0 scale mail (worn)
 c - a +0 buckler (worn)
 m - a +0 robe
Scrolls
 g - a scroll of amnesia
 o - a scroll of acquirement
Potions
 i - a potion of berserk rage {unknown}
 k - a potion of lignification


   Skills:
 + Level 4.0 Fighting
 + Level 3.2 Long Blades
 + Level 4.5 Armour
 + Level 0.4 Dodging
 + Level 3.9 Shields


You had 2 spell levels left.
You didn't know any spells.
Your spell library was empty.

Dungeon Overview and Level Annotations

Branches:
Dungeon (3/15)

Altars:

Shops:
D:2 *

Annotations:
D:3 Grinder


Innate Abilities, Weirdness & Mutations

You have a pair of horns on your head.
You reflexively headbutt those who attack you in melee.


Message History

As you read the scroll of identify, it crumbles to dust.
l - a potion of curing Grinder gestures at you.
You resist with significant effort.
As you read the scroll of identify, it crumbles to dust.
k - a potion of lignification Grinder gestures at you.
Pain shoots through your body!
* * * LOW HITPOINT WARNING * * *
There is a large open door here.
Unknown command.
Unknown command.
You feel better.
Unknown command.
As you read the scroll labelled TASINW FEAZXEN, it crumbles to dust.
It is a scroll of amnesia.
You feel forgetful for a moment. Grinder gestures at you.
You resist with significant effort.
Blink to where?
Press: ? - help, Dir - move target
Okay, then.
As you read the scroll labelled FEGAOWNAUMN, it crumbles to dust.
It was a scroll of blinking.
You hit Grinder.
Grinder is lightly wounded.
Grinder gestures at you. Pain shoots through your body!
* * * LOW HITPOINT WARNING * * *
You block Grinder's attack.
You feel very mighty all of a sudden. Grinder hits you but does no damage.
You closely miss Grinder. You headbutt Grinder!
Grinder is moderately wounded.
Grinder closely misses you. You furiously retaliate!
You headbutt Grinder. You barely miss Grinder.
Grinder is moderately wounded.
Grinder gestures at you. Pain shoots through your body!
You die...

#.#####........
##.#...#...#.###
#....#.#.#....#
#.........#.#
##.......## #
###.....###
#.##...##.#
+8.##5##.8+
#...#@#...#
#...'...#
##.....##
##)8.## ##.##
#+#


You could see Grinder.

Vanquished Creatures
  An adder (D:2)
  9 ball pythons
  4 endoplasms
  3 giant cockroaches
  5 goblins
  A hobgoblin (D:1)
  4 jackals (D:2)
  3 kobolds
  A quokka (D:2)
  2 bats
  3 frilled lizards
  4 rats
40 creatures vanquished.

Notes
Turn   | Place    | Note
-------+----------+-------------------------------------------
     0 | D:1      | davidthevgamer991 the Minotaur Fighter began the quest for
                  | the Orb.
     0 | D:1      | Reached XP level 1. HP: 19/19 MP: 0/0
   146 | D:1      | Reached XP level 2. HP: 24/27 MP: 1/1
   580 | D:2      | Reached XP level 3. HP: 32/33 MP: 2/2
   775 | D:2      | Found Kina's General Store.
  1109 | D:3      | Noticed Grinder
  1119 | D:3      | Identified a scroll of acquirement
  1119 | D:3      | Paralysed by Grinder for 5 turns
  1133 | D:3      | Killed from afar by Grinder

Illustrated notes

Levels and vault maps discovered:
D:1:      dpeg_arrival_renting, layout_basic, minmay_misc_feat_cross,
          kennysheep_nondescript, minmay_worlds_worst_comb
D:2:      layout_rooms, serial_shops, shop, chequers_avenue
D:3:      layout_basic, grunt_decor_arrowhead, dk_noncrumbling_2,
          corexii_item_surrounded_by_moat, uniq_natasha, uniq_grinder

Skill      XL: |  1  2  3 |
---------------+----------+-----
Armour         | 4 |  4.5
Fighting       | 4 |  4.0
Long Blades    | 3 |  3.2
Dodging        | |  0.4
Shields        | |  3.9

Action                   || total
-------------------------++-------
Melee: Long sword        ||    67
       Headbutt          ||     5
  Use: Scroll            ||     5
       Potion            ||     2
Armor: Scale mail        ||    55
Dodge: Dodged            ||    52
Block: Buckler           ||    26

Table legend: (Time is in decaauts)
 A = Elapsed time spent in this place.
 B = Non-inter-level travel time spent in this place.
 C = Inter-level travel time spent in this place.
 D = Time resting spent in this place.
 E = Time spent auto-exploring this place.
 F = Levels seen in this place.
 G = Mean time per level.
                   A        B        C        D        E       F      G
               +--------+--------+--------+--------+--------+-----+--------+
         Total |   1151 |   1151 |      0 |      0 |      0 |   3 |  383.7 |
       Dungeon |   1151 |   1151 |      0 |      0 |      0 |   3 |  383.7 |
               +--------+--------+--------+--------+--------+-----+--------+

Top non-repeatable levels by time:
     D:2: 561 daAuts
     D:1: 503 daAuts
     D:3: 87 daAuts
